 Dungeon Crawl Stone Soup version 0.19.0-20-gbc5f0c6 (webtiles) character file.

161 KarmaPolice the Charmwright (level 5, -1/40 HPs)
             Began as a Vampire Skald on Nov 17, 2016.
             Killed by divine providence
             ... invoked by an orc priest
              (15 damage)
             ... on level 2 of the Dungeon.
             The game lasted 00:09:26 (4594 turns).

KarmaPolice the Charmwright (Vampire Skald)         Turns: 4594, Time: 00:09:27

Health: -1/40      AC:  5    Str: 11    XL:     5   Next: 18%
Magic:  9/9        EV: 11    Int: 15    God:
Gold:   106        SH:  0    Dex: 14    Spells: 4 memorised, 1 level left

rFire  . . .     SeeInvis +     v - +2 spear (venom)
rCold  + . .     Gourm    .     b - +0 leather armour
rNeg   + + .     Faith    .     (no shield)
rPois  +         Spirit   .     o - +1 hat
rElec  .         Reflect  .     j - +0 cloak
rCorr  .         Harm     .     (no gloves)
MR     .....                    (no boots)
Stlth  ++........               (no amulet)
                                (no ring)
                                (no ring)

@: lethally poisoned (-1 -> -4), regenerating slowly
A: fangs 3, see invisible, unbreathing
a: Bat Form


You were on level 2 of the Dungeon.
You were very thirsty.

You visited 1 branch of the dungeon, and saw 3 of its levels.

You collected 106 gold pieces.

Inventory:

Hand Weapons
 a - a +0 falchion
 v - a +2 spear of venom (weapon)
Armour
 b - a +0 leather armour (worn)
 f - a cursed +0 robe
 j - a +0 cloak (worn)
 o - a +1 hat (worn)
Jewellery
 h - an uncursed ring of flight {unknown}
 m - an uncursed ring of ice {unknown}
 t - an uncursed ring of protection from magic {unknown}
Scrolls
 e - 2 scrolls of remove curse {unknown}
 g - 2 scrolls of noise {unknown}
 i - a scroll of identify {unknown}
 p - a scroll of blinking {unknown}
 u - a scroll of amnesia {unknown}
Potions
 d - 5 potions of blood
 k - a potion of curing {unknown}
 l - a potion of heal wounds
 n - a potion of invisibility {unknown}
 r - a potion of haste {unknown}
 s - 2 potions of magic {unknown}
Books
 c - a book of Battle

   Spells                             Type                      Level
   a - Infusion                       Charms                       1
   b - Shroud of Golubria             Charms/Translocation         2
   c - Song of Slaying                Charms                       2
   d - Spectral Weapon                Hexes/Charms                 3
   e - Regeneration                   Charms/Necromancy            3
 q - a book of Cantrips

   Spells                             Type                      Level
   a - Confusing Touch                Hexes                        1
   b - Animate Skeleton               Necromancy                   1
   c - Summon Small Mammal            Summoning                    1
   d - Apportation                    Translocation                1


   Skills:
 + Level 2.9 Fighting
 + Level 3.3 Long Blades
 - Level 0.7 Armour
 - Level 1.1 Dodging
 + Level 2.9 Spellcasting
 + Level 4.2 Charms


You had one spell level left.
You knew the following spells:

 Your Spells              Type           Power        Failure   Level  Hunger
a - Infusion              Chrm           ##..         6%          1    #......
b - Shroud of Golubria    Chrm/Tloc      #.........   21%         2    ##.....
c - Song of Slaying       Chrm           ##......     10%         2    ##.....
d - Regeneration          Chrm/Necr      #.........   38%         3    ###....


Dungeon Overview and Level Annotations

Branches:
Dungeon (3/15)

Altars:


Innate Abilities, Weirdness & Mutations

You heal slowly.
You have razor-sharp teeth.
You have supernaturally acute eyesight. (SInv)
You can survive without breathing.


Message History

The orc priest is moderately wounded.
The orc priest invokes the aid of Beogh against you.
Beogh smites you!
You hit the orc priest.
The orc priest looks as sick as possible!
You bite the orc priest, but do no damage.
The orc priest is heavily wounded.
The orc priest barely misses you.
Number of times to repeat, then command key: You must enter the number of times for the command to repeat.
Unknown command.
You hit the orc priest.
The orc priest is severely wounded.
You feel sick. The orc priest hits you with a flail.
Unknown command.
You barely miss the orc priest.
The orc priest is severely wounded.
The orc priest calls down the wrath of Beogh upon you.
Beogh smites you!
You die...

#)#.....))...
######.#....######
#..........##
#.####.#.#.# #####
#.# #.....# #....
#.# ###.#.# #.###
#.# #.#.###.###
#.# ##.#.##...<.
#@# #).#........
#o# ##.##.##....#
#.# #...........#
#.####..##.##<##.#
#....>.....##.##.#
######..##.#.....#
##%.##.#.(##.#
#......#..##.#
#...####..#.#.


You could see an orc priest.

Vanquished Creatures
  3 gnolls (D:3)
  5 adders (D:2)
  An ooze (D:1)
  3 worms
  A dart slug (D:1)
  2 leopard geckos
  An orc (D:3)
  2 ball pythons
  3 giant cockroaches
  12 goblins
  3 hobgoblins
  6 jackals
  5 kobolds
  2 quokkas (D:2)
  4 bats (D:2)
  8 frilled lizards
  9 rats
70 creatures vanquished.

Notes
Turn   | Place    | Note
-------+----------+-------------------------------------------
     0 | D:1      | KarmaPolice the Vampire Skald began the quest for the Orb.
     0 | D:1      | Reached XP level 1. HP: 16/16 MP: 3/3
   377 | D:1      | Reached XP level 2. HP: 9/22 MP: 5/5
   413 | D:1      | Learned a level 2 spell: Shroud of Golubria
   416 | D:1      | Learned a level 2 spell: Song of Slaying
  1671 | D:1      | Reached XP level 3. HP: 27/27 MP: 1/6
  2601 | D:2      | Reached XP level 4. HP: 31/34 MP: 0/7
  2618 | D:2      | Learned a level 3 spell: Regeneration
  3091 | D:3      | Reached skill level 4 in Charms
  3927 | D:3      | Reached XP level 5. HP: 20/40 MP: 0/9
  4594 | D:2      | Killed from afar by an orc priest

Skill      XL: |  1  2  3  4 |
---------------+-------------+-----
Fighting       | 2 |  2.9
Long Blades    | 3 |  3.3
Charms         | 4 |  4.2
Armour         | |  0.7
Dodging        | |  1.1
Spellcasting   | |  2.9

Action                   |  1- 3 |  4- 6 || total
-------------------------+-------+-------++-------
Melee: Falchion          |    94 |    74 ||   168
       Bite              |     9 |     7 ||    16
       Spear             |       |    15 ||    15
 Cast: Infusion          |     8 |     9 ||    17
       Shroud of Golubri |     4 |     2 ||     6
       Song of Slaying   |       |     1 ||     1
  Use: Potion            |     2 |     3 ||     5
 Stab: Sleeping          |     4 |     2 ||     6
  Eat: Corpse            |       |     2 ||     2
Armor: Leather armour    |    35 |    20 ||    55
Dodge: Dodged            |    56 |    51 ||   107
       Rpst.: Falchion   |    16 |    18 ||    34
